Map: Altitude LE

Players

Quill - Winner!

  • Race: Protoss Protoss
  • Spawn Location: 7:00

VOD

Have the link to the VOD?

Description

Time

  • Played on: March 27, 2023, 5:10 a.m.
  • Length: 17:19
Show
View Real Time Build Order
Export as new Build Order

Quill Protoss - Winner!

Build Orders:  

Get SALT Encoding   

  12  0:03  Probe (Chrono Boost)  
  14  0:20  Probe (Chrono Boost)  
  14  0:34  Pylon  
  15  0:40  Probe (Chrono Boost)  
  16  1:01  Probe (Chrono Boost)  
  16  1:04  Gateway  
  16  1:18  Probe (Chrono Boost)  
  17  1:35  Probe (Chrono Boost)  
  18  1:48  Nexus  
  18  1:53  Probe (Chrono Boost)  
  19  2:02  Assimilator  
  19  2:11  Pylon  
  19  2:19  Probe (Chrono Boost)  
  20  2:36  Probe (Chrono Boost)  
  21  2:40  Cybernetics Core  
  21  2:48  Assimilator  
  21  2:51  Probe (Chrono Boost)  
  22  3:02  Probe (Chrono Boost)  
  23  3:10  Zealot  
  23  3:13  Probe (Chrono Boost)  
  26  3:26  Probe (Chrono Boost)  
  28  3:30  Probe (Chrono Boost)  
  28  3:38  Probe (Chrono Boost)  
  28  3:42  Probe (Chrono Boost)  
  28  3:48  Stalker  
  32  3:51  Probe (Chrono Boost)  
  33  4:07  Pylon  
  33  4:08  Probe (Chrono Boost)  
  34  4:17  Forge  
  34  4:25  Probe x2 (Chrono Boost)  
  36  4:30  Stalker  
  36  4:38  Probe (Chrono Boost)  
  36  4:39  Probe (Chrono Boost)  
  40  4:50  Probe x2 (Chrono Boost)  
  40  4:54  Warp Gate  
  42  5:02  Gateway  
  42  5:06  Protoss Ground Weapons Level 1 (Chrono Boost)  
  42  5:12  Stalker  
  42  5:17  Probe (Chrono Boost), Pylon  
  45  5:24  Assimilator  
  45  5:28  Probe (Chrono Boost)  
  45  5:30  Assimilator  
  45  5:39  Probe (Chrono Boost)  
  47  5:40  Probe (Chrono Boost)  
  48  5:53  Gateway  
  48  5:54  Stalker  
  48  5:55  Probe (Chrono Boost)  
  48  5:56  Probe (Chrono Boost)  
  52  6:03  Gateway  
  53  6:10  Pylon  
  53  6:12  Probe (Chrono Boost)  
  53  6:13  Probe (Chrono Boost)  
  54  6:28  Probe (Chrono Boost)  
  56  6:30  Probe (Chrono Boost)  
  56  6:34  Gateway  
  56  6:42  Twilight Council  
  56  6:49  Zealot  
  58  6:50  Zealot  
  60  7:06  Gateway  
  60  7:13  Gateway  
  60  7:40  Pylon  
  60  7:45  Pylon  
  60  7:50  Gateway  
  60  7:52  Gateway  
  60  7:57  Protoss Ground Armor Level 1 (Chrono Boost)  
  60  7:58  Gateway  
  60  8:13  Stalker x2  
  60  8:14  Stalker x3  
  70  8:24  Pylon  
  70  8:26  Pylon  
  70  8:35  Pylon, Robotics Facility  
  70  8:52  Forge  
  70  8:58  Sentry x3  
  70  8:59  Charge, Sentry  
  78  9:00  Sentry  
  78  9:01  Sentry  
  82  9:15  Robotics Facility  
  82  9:20  Robotics Facility  
  82  9:22  Gateway  
  82  9:28  Pylon  
  82  9:31  Pylon  
  82  9:48  Stalker x3  
  82  9:49  Stalker  
  90  10:08  Observer  
  91  10:18  Robotics Bay  
  91  10:34  Immortal  
  95  10:41  Nexus  
  95  10:50  Protoss Shields Level 1 (Chrono Boost)  
  95  10:54  Stalker x2, Pylon  
  99  11:18  Protoss Ground Weapons Level 2 (Chrono Boost)  
  99  11:36  Colossus  
  105  11:49  Blink  
  105  12:05  Stalker x3  
  105  12:06  Stalker  
  105  12:07  Stalker  
  115  12:11  Zealot x3  
  115  12:12  Zealot  
  115  12:16  Zealot  
  125  12:21  Extended Thermal Lance  
  125  12:33  Colossus  
  131  12:51  Assimilator  
  131  12:53  Assimilator  
  131  13:16  Stalker x2  
  131  13:17  Stalker x3  
  141  13:48  Pylon  
  141  14:01  Stalker x4  
  149  14:17  Pylon  
  149  14:18  Pylon  
  149  14:21  Pylon  
  149  14:24  Pylon  
  149  14:26  Pylon  
  149  14:46  Colossus  
  149  14:48  Colossus  
  161  15:18  Pylon  
  161  15:41  Stalker  
  161  15:42  Stalker x4  
  171  15:54  Templar Archives  
  171  16:00  Dark Shrine  
Tags
 
Add a new tag
Caveats
  • Supply blocks, unpowered buildings, or Contaminate may cause inaccurate times.
  • Supply counts are checked every 10 seconds.